 Dungeon Crawl Stone Soup version 0.30-b1-2-g02819fbbbe (webtiles) character file.

Game seed: 10501047524909333488

352 Fartwhistle the Changer (level 6, 0/38 HPs)
             Began as an Octopode Transmuter on May 25, 2023.
             Killed by divine providence
             ... invoked by an orc priest
              (9 damage)
             ... on level 4 of the Dungeon.
             The game lasted 00:07:31 (3423 turns).

Fartwhistle the Changer (Octopode Transmuter)       Turns: 3423, Time: 00:07:31

Health: 0/38       AC:  2    Str:  9    XL:     6   Next: 61%
Magic:  9/11       EV: 19    Int: 18    God:
Gold:   45         SH:  0    Dex: 17    Spells: 4/12 levels left

rFire   . .          .
                       - Unarmed
rCold   . . .        (shield currently unavailable)
rNeg    . . .        (helmet currently unavailable)
rPois   x            (no amulet)
rElec   .            i - ring of flight
rCorr   .            (no ring)
SInv    .            (no ring)
Will    .....        (no ring)
Stlth   ++           (no ring)
HPRegen 0.26/turn    (no ring)
MPRegen 0.12/turn    (no ring)
                     (no ring)

%: no passive effects
@: spider-form, flying
A: venomous fangs, almost no armour, (amphibious), 8 rings, tiny, (camouflage
1), (gelatinous body 1), (nimble swimmer 1), (tentacles)
a: End Transformation


You were on level 4 of the Dungeon.
You were a venomous arachnid creature.
You visited 1 branch of the dungeon, and saw 4 of its levels.

You collected 141 gold pieces.
You spent 96 gold pieces at shops.

Inventory:

Missiles
 v - 4 boomerangs
 w - 5 poisoned darts
Jewellery
 i - a ring of flight (left front pincers)
 r - an amulet of reflection
 t - a ring of protection from fire
 u - a ring of poison resistance
Wands
 n - a wand of flame (9)
Scrolls
 c - a scroll of magic mapping {unknown}
 g - a scroll of immolation {unknown}
 k - 3 scrolls of teleportation {unknown}
 l - a scroll of vulnerability {unknown}
 m - a scroll of identify {unknown}
 o - a scroll of noise {unknown}
 p - a scroll of poison {unknown}
 q - a scroll of brand weapon {unknown}
 x - a scroll of blinking {unknown}
Potions
 a - a potion of lignification
 b - 2 potions of berserk rage {unknown}
 d - 2 potions of flight {unknown}
 e - 2 potions of haste {unknown}
 f - 4 potions of curing
 h - a potion of heal wounds
 j - 2 potions of attraction {unknown}
 s - a potion of degeneration {unknown}


   Skills:
 + Level 1.5 Fighting
 - Level 2.0 Dodging
 - Level 3.0 Unarmed Combat
 + Level 3.7 Spellcasting
 + Level 4.4 Transmutations
 + Level 1.0 Ice Magic
 - Level 3.5 Poison Magic


You had 4 spell levels left.
You knew the following spells:

 Your Spells              Type           Power      Damage    Failure   Level
a - Beastly Appendage     Tmut           38%        N/A       10%         1
b - Spider Form           Tmut/Pois      17%        N/A       22%         3
c - Ice Form              Ice/Tmut       13%        N/A       67%         4

Your spell library contained the following spells:

 Spells                   Type           Power      Damage    Failure   Level
 Wereblood                Tmut           19%        N/A       12%         2
 Hailstorm                Conj/Ice       5%         3d4       58%         3
 Simulacrum               Ice/Necr       2%         N/A       100%        6


Dungeon Overview and Level Annotations

Branches:
Dungeon (4/15)
 Temple: D:4-7

Altars:
Kikubaaqudgha
Trog

Shops:
D:4 !

Annotations:
D:3 1 runed translucent door, Crazy Yiuf


Innate Abilities, Weirdness & Mutations

You are a venomous arachnid creature.
You have venomous fangs.
You are tiny and dextrous.
Your spellcasting is less reliable in this form.
Your armour is entirely melded.
You are incapable of wielding weapons or throwing items.
You cannot wear most types of armour.
((You are amphibious.))
You can wear up to eight rings at the same time.
((Your skin changes colour to match your surroundings (Stealth+).))
((Your rubbery body absorbs attacks. (AC +1, EV +1)))
((You are camouflaged when in or above water. (Stealth+)))
((You have tentacles for arms and can constrict up to eight enemies at once.))


Message History

The orc completely misses you.
A kobold opens the door.
The kobold shouts!
You hit the orc.
The orc looks even sicker.
The orc is lightly wounded.
The orc barely misses you.
You barely miss the orc.
The orc is heavily wounded.
You kill the orc!
The orc wizard casts a spell.
The orc wizard flickers and vanishes!
Deactivating autopickup; reactivate with Ctrl-A.
You hit the orc but do no damage.
The orc is poisoned.
You hit something. Something hits you.
You hit something.
You kill the orc!
Something completely misses you.
You hit something. Something hits you.
You closely miss something. Something hits you.
You barely miss something.
Reactivating autopickup.
You feel a bit more experienced.
A goblin comes into view. It is wielding a +0 club.
You hit the orc.
The orc is poisoned.
The orc is severely wounded.
You kill the orc!
The orc priest calls down the wrath of Beogh upon you.
Beogh smites you!
* * * LOW HITPOINT WARNING * * *
Your Ice Magic skill increases to level 1!
Okay, then.
You feel much better.
The orc priest mumbles some strange prayers to Beogh against you.
Beogh smites you!
* * * LOW HITPOINT WARNING * * *
The kobold barely misses you.
You hit the kobold.
You kill the kobold!
The orc priest calls down the wrath of Beogh upon you.
Beogh smites you!
You die...

.........#####
###+####.#
##.......##
#.........#
#.........#
#.........#
#.........#
#.........#
######s##....##
...###...##)##....#
...........go......#
....o.o............#
...................#
...o...............#
....###'###########
.... #. ...


You could see an orc priest and a goblin.

Vanquished Creatures
  3 orc priests (D:3)
  A hound (D:4)
  3 orc wizards
  3 gnolls (D:2)
  3 adders
  A worm (D:3)
  A dart slug (D:1)
  11 orcs
  8 bats
  3 endoplasms
  2 giant cockroaches
  9 goblins
  11 hobgoblins
  6 jackals (D:1)
  A quokka (D:2)
  3 ball pythons (D:1)
  5 frilled lizards
  13 kobolds
  4 rats
91 creatures vanquished.

Notes
Turn   | Place    | Note
-------+----------+-------------------------------------------
     0 | D:1      | Fartwhistle the Octopode Transmuter began the quest for the
                  | Orb.
     0 | D:1      | Reached XP level 1. HP: 13/13 MP: 3/3
   121 | D:1      | Reached XP level 2. HP: 10/18 MP: 5/5
   514 | D:1      | Reached XP level 3. HP: 23/23 MP: 6/6
   974 | D:1      | Learned a level 3 spell: Spider Form
  1044 | D:2      | Reached skill level 3 in Transmutations
  1108 | D:2      | Found an ancient bone altar of Kikubaaqudgha.
  1252 | D:2      | Reached skill level 1 in Poison Magic
  1314 | D:2      | Reached XP level 4. HP: 28/28 MP: 3/8
  1715 | D:3      | Reached XP level 5. HP: 16/33 MP: 2/9
  2043 | D:3      | Found a bloodstained altar of Trog.
  2493 | D:3      | Reached skill level 4 in Transmutations
  2617 | D:3      | Found a runed translucent door.
  2618 | D:3      | Noticed Crazy Yiuf
  2647 | D:3      | Reached XP level 6. HP: 10/38 MP: 8/11
  2758 | D:3      | Learned a level 4 spell: Ice Form
  3329 | D:4      | Found Lekabiem's Distillery.
  3337 | D:4      | Bought a potion of heal wounds for 60 gold pieces
  3337 | D:4      | Bought a potion of curing for 36 gold pieces
  3422 | D:4      | Reached skill level 1 in Ice Magic
  3423 | D:4      | Killed from afar by an orc priest

Illustrated notes

Levels and vault maps discovered:
D:1:      dpeg_arrival_refuge, layout_loops_corners, st_stairs_2
D:2:      layout_rooms, basic_altar
D:3:      kb_forest_paths, layout_basic, trog_hazing_becter,
          uniq_crazy_yiuf_cottage
D:4:      layout_gridville, minmay_temple_entry_hall, serial_shops,
          nicolae_lakefront_shop, shop, shop, shop, kennysheep_mini,
          ebering_ghost_sewer_f

Skill      XL: |  1  2  3  4  5  6 |
---------------+-------------------+-----
Transmutations | 3 4 |  4.4
Poison Magic   | 1 2 3 |  3.5
Spellcasting   | 3 |  3.7
Ice Magic      | 1 |  1.0
Fighting       | |  1.5
Dodging        | |  2.0
Unarmed Combat | |  3.0

Action                     |  1- 3 |  4- 6 || total
---------------------------+-------+-------++-------
  Melee: Unarmed           |    87 |   152 ||   239
         Constrict         |    22 |    19 ||    41
         Tentacles         |    16 |    14 ||    30
         Kick              |     9 |       ||     9
         Punch             |     1 |     3 ||     4
   Cast: Beastly Appendage |     4 |     2 ||     6
         Spider Form       |     4 |     9 ||    13
    Use: Potion            |       |     2 ||     2
   Stab: Sleeping          |     7 |     4 ||    11
 Armour: Skin              |     9 |    15 ||    24
  Dodge: Dodged            |    55 |   104 ||   159
